 Dungeon Crawl Stone Soup version 0.27-a0-604-g29a88b33a7 (webtiles) character file.

Game seed: 2002216496494527351

95 foci the Shield-Bearer (level 4, 0/29 HPs)
             Began as a Gargoyle Fighter on Mar 12, 2021.
             Slain by Sigmund
             ... wielding a +0 scythe
              (9 damage)
             ... on level 2 of the Dungeon.
             The game lasted 00:02:37 (1732 turns).

foci the Shield-Bearer (Gargoyle Fighter)           Turns: 1732, Time: 00:02:37

Health: 0/29       AC: 12    Str: 19    XL:     4   Next: 65%
Magic:  4/4        EV: 11    Int:  9    God:
Gold:   142        SH:  0    Dex: 10    Spells: 3/3 levels left

rFire    . . .     SeeInvis .   a - +0 war axe
rCold    . . .     Faith    .   c - +0 kite shield
rNeg     + . .     Spirit   .   b - +0 scale mail
rPois    ∞         Reflect  .   (no helmet)
rElec    +         Harm     .   h - +1 cloak
rCorr    .         Rampage  .   (no gloves)
Will     .....                  (no boots)
Stlth    ..........             (no amulet)
HPRegen  0.09/turn              m - +4 ring of evasion
MPRegen  0.09/turn              (no ring)

@: confused
A: negative energy resistance 1, electricity resistance, torment resistance 1,
unbreathing 1, petrification resistance, AC +3
a: no special abilities


You were on level 2 of the Dungeon.
You visited 1 branch of the dungeon, and saw 2 of its levels.

You collected 142 gold pieces.

Inventory:

Hand Weapons
 a - a +0 war axe (weapon)
Armour
 b - a +0 scale mail (worn)
 c - a +0 kite shield (worn)
 h - a +1 cloak (worn)
Jewellery
 m - a +4 ring of evasion (right hand)
Scrolls
 e - 3 scrolls of teleportation {unknown}
 f - a scroll of fear {unknown}
 g - 7 scrolls of identify {unknown}
 l - a scroll of immolation {unknown}
Potions
 d - a potion of might
 i - a potion of curing {unknown}
 j - a potion of haste {unknown}
 k - a potion of magic {unknown}


   Skills:
 + Level 3.7 Fighting
 * Level 3.0 Axes
 + Level 3.6 Armour
 * Level 1.1 Dodging
 + Level 3.8 Shields


You had 3 spell levels left.
You didn't know any spells.
Your spell library was empty.

Dungeon Overview and Level Annotations

Branches:
Dungeon (2/15)

Altars:

Annotations:
D:2 Sigmund


Innate Abilities, Weirdness & Mutations

Your stone body is resilient. (AC +3)
You are immune to poison.
You resist negative energy. (rN+)
You are resistant to electric shocks. (rElec)
You are resistant to unholy torment.
You can survive without breathing.
You are immune to petrification.


Message History

You hit the bat.
You kill the bat!
m - a +4 ring of evasion (right hand)
Found 24 sling bullets.
You now have 142 gold pieces (gained 19).
A bat comes into view.
The bat closely misses you. The bat hits you but does no damage.
You closely miss the bat. The bat closely misses you.
The bat hits you but does no damage.
You slash the bat!
You kill the bat!
Your Axes skill increases to level 3!
You see here a bat corpse.
There is a stone staircase leading down here.
Sigmund the Dreaded comes into view.
He is wielding a +0 scythe.
Sigmund shouts!
Sigmund gestures at you while chanting.
You are confused.
Found 8 gold pieces.
Sigmund gestures at himself while chanting.
Sigmund flickers and vanishes!
Deactivating autopickup; reactivate with Ctrl-A.
You feel less confused. Something hits you.
You miss something. Something hits you but does no damage.
You block something's attack.
You miss something. Something hits you but does no damage.
You miss something. Something hits you!
You completely miss something. Something hits you.
You slash something! You block something's attack.
You closely miss something. Something hits you but does no damage.
You hit something. Something hits you but does no damage.
You barely miss something. Something hits you.
You barely miss something. Something hits you but does no damage.
You miss something. Something hits you.
You hit something.
You hear some strange, mumbled words.
You are confused.
You bump into the rock wall.
Something hits you!
You die...

#### ### #.. ..# #.# #.#
# ######.#### #.# .###
..........# #.# .....
######.##.####.###$..#
#...............@{..#
#.####†##.####.#########
#.##.# #..........
#.##.# #..########
#.##.####..#
#........>.#
####.#####.# #####.# #.#
#.....# #.#


There were no monsters in sight!

Vanquished Creatures
  Terence (D:2)
  An adder (D:2)
  An ooze (D:1)
  2 worms (D:2)
  A leopard gecko (D:2)
  An orc (D:2)
  10 bats
  A giant cockroach (D:2)
  10 hobgoblins
  A quokka (D:2)
  A ball python (D:2)
  2 frilled lizards
  A goblin (D:1)
  4 kobolds
  12 rats
49 creatures vanquished.

Notes
Turn   | Place    | Note
-------+----------+-------------------------------------------
     0 | D:1      | foci the Gargoyle Fighter began the quest for the Orb.
     0 | D:1      | Reached XP level 1. HP: 14/14 MP: 1/1
    67 | D:1      | Reached XP level 2. HP: 19/19 MP: 2/2
   732 | D:1      | Reached XP level 3. HP: 23/23 MP: 3/3
   935 | D:2      | Noticed Terence
   950 | D:2      | HP: 1/23 [Terence/+0 trident (5)]
   951 | D:2      | Killed Terence
   952 | D:2      | Reached XP level 4. HP: 1/28 MP: 4/4
  1295 | D:2      | Reached skill level 1 in Dodging
  1714 | D:2      | Noticed Sigmund
  1732 | D:2      | Slain by Sigmund

Illustrated notes

Levels and vault maps discovered:
D:1:      dpeg_arrival_three_same_balls, layout_loops_ring, dk_noncrumbling_2,
          minmay_misc_feat_chi, nrook_campfire, minmay_rat_gold_closets
D:2:      layout_loops_ring, uniq_crazy_yiuf_cottage, uniq_terence, uniq_sigmund

Skill      XL: |  1  2  3  4 |
---------------+-------------+-----
Axes           | 2 3 |  3.0
Dodging        | 1 |  1.1
Fighting       | |  3.7
Armour         | |  3.6
Shields        | |  3.8

Action                   |  1- 3 |  4- 6 || total
-------------------------+-------+-------++-------
Melee: War axe           |    98 |    83 ||   181
Armor: Scale mail        |    53 |    68 ||   121
Dodge: Dodged            |    21 |    20 ||    41
Block: Kite shield       |    43 |    60 ||   103

Table legend: (Time is in decaauts)
 A = Elapsed time spent in this place.
 B = Non-inter-level travel time spent in this place.
 C = Inter-level travel time spent in this place.
 D = Time resting spent in this place.
 E = Time spent auto-exploring this place.
 F = Levels seen in this place.
 G = Mean time per level.
                   A        B        C        D        E       F      G
               +--------+--------+--------+--------+--------+-----+--------+
         Total |   1841 |   1825 |     16 |    244 |   1083 |   2 |  920.5 |
       Dungeon |   1841 |   1825 |     16 |    244 |   1083 |   2 |  920.5 |
               +--------+--------+--------+--------+--------+-----+--------+

Top non-repeatable levels by time:
     D:1: 957 daAuts
     D:2: 883 daAuts
